 Dungeon Crawl Stone Soup version 0.30-a0-772-g5528072125 (webtiles) character file.

Game seed: 14717886700078619137

487 runemasterragnar the Covered (level 6, -7/55 HPs)
             Began as an Armataur Fighter on Feb 12, 2023.
             Mangled by Menkaure (9 damage)
             ... on level 4 of the Dungeon.
             The game lasted 00:04:07 (2934 turns).

runemasterragnar the Covered (Armataur Fighter)     Turns: 2934, Time: 00:04:09

Health: -7/55      AC:  8    Str: 22    XL:     6   Next: 89%
Magic:  6/6        EV:  7    Int: 10    God:
Gold:   145        SH:  4    Dex:  9    Spells: 5/5 levels left

rFire   . . .      SeeInvis .    a - +0 long sword
rCold   . . .      Faith    .    c - +0 buckler
rNeg    . . .      Spirit   .    b - +0 scale mail
rPois   .          Reflect  .    (no helmet)
rElec   .          Harm     .    (no cloak)
rCorr   .          Roll     +    h - +0 pair of gloves
Will    .....                    (no barding) Stlth
                                 (no amulet)
HPRegen 0.29/turn                (no ring)
MPRegen 0.10/turn                (no ring)

@: no status effects
A: large, rugged brown scales 3, deformed body, armoured tail, roll, long
tongue, awkward tongue
a: no special abilities


You were on level 4 of the Dungeon.
You visited 1 branch of the dungeon, and saw 4 of its levels.
You also visited: Sewer.

You collected 145 gold pieces.

Inventory:

Hand Weapons
 a - a +0 long sword (weapon)
Armour
 b - a +0 scale mail (worn)
 c - a +0 buckler (worn)
 h - a +0 pair of gloves (worn)
 k - a +0 plate armour
 l - a +0 tower shield
Jewellery
 e - a ring of ice
Wands
 f - a wand of polymorph (11)
Scrolls
 i - a scroll of enchant armour
 q - 2 scrolls of teleportation {unknown}
 r - a scroll of acquirement {unknown}
 s - a scroll of identify
Potions
 d - a potion of might
 g - 3 potions of curing
 j - 2 potions of flight
 m - a potion of brilliance {unknown}
 n - a potion of degeneration {unknown}
 o - a potion of haste {unknown}
 p - a potion of attraction {unknown}
 t - a potion of invisibility {unknown}


   Skills:
 + Level 4.3 Fighting
 + Level 3.6 Long Blades
 + Level 5.5 Armour
 + Level 5.1 Shields


You had 5 spell levels left.
You didn't know any spells.
Your spell library contained the following spells:

 Spells                   Type           Power      Damage    Failure   Level
 Summon Ice Beast         Ice/Summ       0%         N/A       100%        4
 Summon Mana Viper        Hex/Summ       0%         N/A       100%        5
 Monstrous Menagerie      Summ           0%         N/A       100%        7


Dungeon Overview and Level Annotations

Branches:
Dungeon (4/15)              Sewer (visited)
 Temple: D:4-7

Altars:

Annotations:
D:4 Menkaure


Innate Abilities, Weirdness & Mutations

You are completely covered in rugged brown scales. (AC +3, +7% HP)
Armour fits poorly on your strangely shaped body.
You have a long armoured tail.
You roll when moving toward enemies. (Rampage)
Your long tongue fully drains potion bottles. (2x potion effects)
Your tongue gives you trouble enunciating. (1.5x scroll delay)


Message History

You enter the shallow water.
Why would you want to do that? Why would you want to do that?
There is an escape hatch in the floor here.
There is a stone staircase leading down here.
You climb downwards.
Menkaure shouts!
There is a stone staircase leading up here.
Menkaure is nearby!
Menkaure is nearby!
An iguana comes into view.
Found a stone staircase leading down.
The iguana hisses angrily.
Menkaure mumbles some strange words.
Menkaure seems to speed up.
You hit Menkaure.
Menkaure is lightly damaged.
Menkaure hits you!
You hit Menkaure.
Your tail-slap misses Menkaure.
Menkaure is moderately damaged.
Menkaure calls on the powers of darkness!
Your body is wracked with pain!
The iguana convulses!
The iguana barely misses you. Menkaure hits you!
* * * LOW HITPOINT WARNING * * *
You slash Menkaure!
Menkaure is severely damaged.
The iguana bites you but does no damage.
Menkaure calls on the powers of darkness!
You feel a surge of unholy energy.
The iguana convulses!
Unknown command.
You slurp down every last drop of the 4 potions of curing!
You feel better.
Menkaure calls on the powers of darkness!
Your body is wracked with pain!
* * * LOW HITPOINT WARNING * * *
The iguana convulses!
The iguana barely misses you. The iguana bites you!
* * * LOW HITPOINT WARNING * * *
Menkaure hits you!
You die...

... .. #.....# ##
#.#...# ........#
.#.#... .....# #.#..##
. #@#...### o.
#lM.....##### w##
............##o.o##.o.#
.....#.#.####<.♣.†.o♣
..##.#.#.# ##...##..(#
. . ..#.# ##### .##
###....# # ####>. ##


You could see Menkaure (fast) and an iguana.

Vanquished Creatures
  Grinder (D:3)
  A kobold brigand (Sewer)
  An orc priest (D:3)
  7 adders
  2 river rats
  7 worms
  4 dart slugs
  5 orcs (D:3)
  6 ball pythons
  6 endoplasms
  A giant cockroach (D:3)
  5 goblins
  7 hobgoblins
  5 jackals
  6 kobolds
  A quokka (D:3)
  8 bats
  2 frilled lizards (D:2)
  11 rats
86 creatures vanquished.

Notes
Turn   | Place    | Note
-------+----------+-------------------------------------------
     0 | D:1      | runemasterragnar the Armataur Fighter began the quest for
                  | the Orb.
     0 | D:1      | Reached XP level 1. HP: 19/19 MP: 1/1
   139 | D:1      | Reached XP level 2. HP: 26/26 MP: 2/2
   756 | D:2      | Reached XP level 3. HP: 32/33 MP: 3/3
   953 | D:2      | Reached XP level 4. HP: 22/40 MP: 4/4
  1836 | D:3      | Found a glowing drain.
  1856 | Sewer    | Entered a sewer
  1984 | Sewer    | Noticed a kobold brigand
  2032 | Sewer    | Killed a kobold brigand
  2033 | Sewer    | Reached XP level 5. HP: 25/49 MP: 5/5
  2207 | Sewer    | Found a white marble altar of Elyvilon.
  2338 | D:3      | Noticed Grinder
  2338 | D:3      | Paralysed by Grinder for 2 turns
  2347 | D:3      | Paralysed by Grinder for 3 turns
  2361 | D:3      | Killed Grinder
  2362 | D:3      | Reached skill level 5 in Armour
  2362 | D:3      | Reached XP level 6. HP: 55/55 MP: 6/6
  2619 | D:3      | Reached skill level 5 in Shields
  2928 | D:4      | Noticed Menkaure
  2934 | D:4      | HP: 2/55 [iguana (11)]
  2934 | D:4      | Mangled by Menkaure

Illustrated notes

Levels and vault maps discovered:
D:1:      onia_arrival_mini_spirals, layout_loops_ring
D:2:      layout_basic
D:3:      minmay_chambers_of_twos, layout_basic, cheibrodos_sewer_entry_sluice,
          uniq_grinder
D:4:      layout_basic, led_sif_pool, serial_shops, nicolae_square_shop,
          gammafunk_ghost_arena, grunt_ministairs_5, minmay_misc_feat_x,
          uniq_menkaure, uniq_crazy_yiuf_cottage

Skill      XL: |  1  2  3  4  5  6 |
---------------+-------------------+-----
Long Blades    | 2 3 |  3.6
Fighting       | 3 4 |  4.3
Armour         | 4 5 |  5.5
Shields        | 4 5 |  5.1

Action                     |  1- 3 |  4- 6 || total
---------------------------+-------+-------++-------
  Melee: Long sword        |   109 |   212 ||   321
         Tailslap          |    10 |    26 ||    36
         Unarmed           |       |     8 ||     8
    Use: Potion            |       |     4 ||     4
         Scroll            |       |     2 ||     2
 Armour: Scale mail        |    73 |   125 ||   198
         Skin              |       |     9 ||     9
  Dodge: Dodged            |    47 |    68 ||   115
  Block: Buckler           |    20 |    51 ||    71

Table legend: (Time is in decaauts)
 A = Elapsed time spent in this place.
 B = Non-inter-level travel time spent in this place.
 C = Inter-level travel time spent in this place.
 D = Time resting spent in this place.
 E = Time spent auto-exploring this place.
 F = Levels seen in this place.
 G = Mean time per level.
                   A        B        C        D        E       F      G
               +--------+--------+--------+--------+--------+-----+--------+
         Total |   3031 |   2967 |     64 |    170 |   1966 |   5 |  606.2 |
       Dungeon |   2587 |   2523 |     64 |     20 |   1830 |   4 |  646.8 |
         Sewer |    443 |    443 |      0 |    150 |    136 |   1 |  443.0 |
               +--------+--------+--------+--------+--------+-----+--------+

Top non-repeatable levels by time:
     D:3: 1010 daAuts
     D:2: 811 daAuts
     D:1: 725 daAuts
   Sewer: 443 daAuts
     D:4: 40 daAuts
